 Dungeon Crawl Stone Soup version 0.25-a0-435-g4b9beb1024 (webtiles) character file.

Game seed: 6776901906211056529, levelgen mode: deterministic

40 ChaosChampion the Insei (level 3, 0/23 HPs)
             Began as an Octopode Transmuter on Jan 29, 2020.
             Killed from afar by Natasha (6 damage)
             ... with a magic dart
             ... on level 2 of the Dungeon.
             The game lasted 00:05:57 (1257 turns).

ChaosChampion the Insei (Octopode Transmuter)       Turns: 1257, Time: 00:05:57

Health: 0/23       AC:  1    Str:  9    XL:     3   Next: 50%
Magic:  0/6        EV: 14    Int: 16    God:
Gold:   97         SH:  0    Dex: 16    Spells: 0/6 levels left

rFire    . . .     SeeInvis .     - Unarmed
rCold    . . .     Gourm    .   (no shield)
rNeg     . . .     Faith    .   (helmet restricted)
rPois    .         Spirit   .   (no amulet)
rElec    .         Reflect  .   d - +4 ring of dexterity
rCorr    .         Harm     .   (no ring)
MR       .....                  (no ring)
Stlth    +++.......             (no ring)
HPRegen  0.07/turn              (no ring)
MPRegen  0.10/turn              (no ring)
                                (no ring)
                                (no ring)

@: flying, very slightly contaminated, slowed, very slow
A: almost no armour, stealthy swim, amphibious, 8 rings, constrict 8, camouflage
1, gelatinous body 1
a: no special abilities


You were on level 2 of the Dungeon.
You were very hungry.

You visited 1 branch of the dungeon, and saw 2 of its levels.

You collected 97 gold pieces.

Inventory:

Hand Weapons
 g - a +1 dagger of venom
Missiles
 a - 40 arrows
Jewellery
 d - a +4 ring of dexterity (left tentacle)
Scrolls
 b - a scroll of remove curse
 e - 2 scrolls of enchant weapon
 f - a scroll of identify
Potions
 i - a potion of mutation
Comestibles
 c - 3 rations


   Skills:
 + Level 1.3 Fighting
 + Level 2.2 Dodging
 * Level 1.5 Stealth
 * Level 3.3 Unarmed Combat
 * Level 2.3 Spellcasting
 * Level 2.4 Transmutations


You couldn't memorise any spells.
You knew the following spells:

 Your Spells              Type           Power        Failure   Level  Hunger
a - Beastly Appendage     Tmut           #.....       8%          1    #......
b - Sticks to Snakes      Tmut           #.......     12%         2    ###....
c - Spider Form           Tmut/Pois      #.........   36%         3    ###....

Your spell library contained the following spells:

 Spells                   Type           Power        Failure   Level  Hunger
 Ice Form                 Ice/Tmut       #.......     77%         4    #####..
 Blade Hands              Tmut           #.........   91%         5    ######.


Dungeon Overview and Level Annotations

Branches:
Dungeon (2/15)

Altars:

Annotations:
D:2 Natasha


Innate Abilities, Weirdness & Mutations

You cannot wear most types of armour.
You are very stealthy in the water. (Stealth+)
You are amphibious.
You can wear up to eight rings at the same time.
You can use your tentacles to constrict eight enemies at once.
Your skin changes colour to match your surroundings (Stealth+).
Your rubbery body absorbs attacks. (AC +1, EV +1)


Message History

The crimson imp hits something but does no damage.
Natasha misses you.
The goblin hits something but does no damage.
Natasha claws you.
The crimson imp hits something but does no damage.
Casting: Spider Form (slightly dangerous; 36% risk of failure)
Confirm with . or Enter, or press ? or * to list all spells.
You create a snake!
You now have 40 arrows.
Natasha casts a spell.
Natasha stares at you and mumbles some strange words.
The magic dart hits you.
* * * LOW HITPOINT WARNING * * *
Firing (i - inventory) No suitable missiles.
Press: ? - help, Shift-Dir - straight line, f - Natasha
Aim: Natasha (moderately wounded)
Okay, then.
Natasha growls.
Natasha casts a spell at you. The magic dart hits you.
You die...

#..≈≈..# .##)....#
#.≈≈≈≈.##.##.....#
#..≈.gP...##.(...#
#5##..##.....#
#.#5.........####.##
#!#.................
#5h.S..#.#...####.#
###..###.#.....##.#
#.@# #.#...#.##.###
#..###.#.....88.#..
#.......#...8.P.#.#
#.##..>###[8......#
#.....).#.#...8####
#######.#.#.#######
..........###
#######.### #.#
#####


You could see Natasha, 2 crimson imps and a friendly adder.

Vanquished Creatures
  An ooze (D:1)
  A bat skeleton (D:2)
  A bat zombie (D:2)
  A giant cockroach (D:1)
  5 hobgoblins (D:1)
  2 jackals (D:1)
  A quokka (D:2)
  6 bats
  3 frilled lizards (D:1)
  A giant cockroach zombie (D:2)
  5 kobolds
  4 rats
31 creatures vanquished.

Vanquished Creatures (collateral kills)
  An adder skeleton (D:2)
  A dart slug (D:1)
  A hobgoblin (D:1)
3 creatures vanquished.

Grand Total: 34 creatures vanquished

Notes
Turn   | Place    | Note
-------+----------+-------------------------------------------
     0 | D:1      | ChaosChampion the Octopode Transmuter began the quest for
                  | the Orb.
     0 | D:1      | Reached XP level 1. HP: 13/13 MP: 3/3
   119 | D:1      | Reached XP level 2. HP: 13/18 MP: 3/5
   123 | D:1      | Learned a level 2 spell: Sticks to Snakes
   257 | D:1      | Reached skill level 1 in Stealth
   582 | D:1      | Reached XP level 3. HP: 18/23 MP: 6/6
  1109 | D:2      | Learned a level 3 spell: Spider Form
  1242 | D:2      | Noticed Natasha
  1257 | D:2      | Killed from afar by Natasha

Levels and vault maps discovered:
D:1:      sevenhm_arrival_forest_fort_large_4, layout_basic,
          hangedman_decor_points
D:2:      layout_loops_ring, serial_undead, serial_undead_f, serial_undead_d,
          serial_undead_c, serial_undead_c, serial_undead_d, serial_undead_f,
          uniq_natasha, uniq_crazy_yiuf_cottage

Skill      XL: |  1  2 |
---------------+-------+-----
Stealth        | 1 |  1.5
Fighting       | |  1.3
Dodging        | |  2.2
Unarmed Combat | |  3.3
Spellcasting   | |  2.3
Transmutations | |  2.4

Action                   || total
-------------------------++-------
Melee: Unarmed           ||    67
       Constrict         ||    20
       Kick              ||    10
       Tentacles         ||    12
       Punch             ||     1
 Cast: Beastly Appendage ||    14
       Sticks to Snakes  ||     5
  Use: Scroll            ||     7
       Potion            ||     2
 Stab: Sleeping          ||     6
  Eat: Chunk             ||     1
Armor: Skin              ||     6
Dodge: Dodged            ||    49

Table legend:
 A = Non-vault XP
 B = Vault XP
 C = Vault XP percentage of total XP
 D = Non-vault monster count
 E = Vault monster count
 F = Vault count percentage of total count
                 A         B        C        D         E       F
            +---------+---------+-------+---------+---------+-------
      Total |      51 |       7 |  12.1 |      30 |       4 |  11.8
            +---------+---------+-------+---------+---------+-------
        D:1 |      42 |       0 |   0.0 |      24 |       0 |   0.0
        D:2 |       9 |       7 |  43.8 |       6 |       4 |  40.0
            +---------+---------+-------+---------+---------+-------
